 Dungeon Crawl Stone Soup version 0.26-a0-712-ga5a9c9c9d0 (webtiles) character file.

Game seed: 12583905662405050699

305 Inarius the Chiller (level 6, -1/42 HPs)
             Began as a Barachi Ice Elementalist on Nov 3, 2020.
             Slain by Sigmund
             ... wielding a +0 scythe
              (13 damage)
             ... on level 4 of the Dungeon.
             The game lasted 00:07:07 (5445 turns).

Inarius the Chiller (Barachi Ice Elementalist)      Turns: 5445, Time: 00:07:08

Health: -1/42      AC:  2    Str:  9    XL:     6   Next: 39%
Magic:  6/11       EV: 13    Int: 17    God:
Gold:   272        SH:  0    Dex: 13    Spells: 4/12 levels left

rFire    . . .     SeeInvis .   n - +1 dagger (holy)
rCold    . . .     Faith    .   (no shield)
rNeg     . . .     Spirit   .   a - +0 robe
rPois    .         Reflect  .   (no helmet)
rElec    .         Harm     .   (no cloak)
rCorr    .         Rampage  .   (no gloves)
MR       .....                  (no boots)
Stlth    ++........             (no amulet)
HPRegen  0.14/turn              (no ring)
MPRegen  0.12/turn              (no ring)

@: frozen ramparts, slow
A: +LOS, swims, slowness 1, strong legs 1
a: Hop


You were on level 4 of the Dungeon.
You visited 2 branches of the dungeon, and saw 5 of its levels.

You collected 272 gold pieces.

Inventory:

Hand Weapons
 c - a +0 whip
 n - a +1 dagger of holy wrath (weapon)
Armour
 a - a +0 robe (worn)
Jewellery
 k - an uncursed amulet of magic regeneration {unknown}
 o - an uncursed ring of protection from cold {unknown}
 r - a cursed amulet of inaccuracy {unknown}
Scrolls
 b - 3 scrolls of teleportation {unknown}
 e - 3 scrolls of amnesia {unknown}
 h - 3 scrolls of identify {unknown}
 l - a scroll of remove curse {unknown}
 m - a scroll of immolation {unknown}
Potions
 d - 2 potions of heal wounds
 f - a potion of lignification {unknown}
 g - a potion of curing {unknown}
 i - 2 potions of ambrosia {unknown}
 j - a potion of stabbing {unknown}
 p - a potion of resistance {unknown}
 q - a potion of might {unknown}


   Skills:
 + Level 0.6 Fighting
 + Level 0.1 Short Blades
 + Level 0.8 Maces & Flails
 + Level 2.9 Dodging
 - Level 1.7 Stealth
 + Level 3.7 Spellcasting
 * Level 7.6 Ice Magic


You had 4 spell levels left.
You knew the following spells:

 Your Spells              Type           Power        Failure   Level
a - Freeze                Ice            ####         1%          1
b - Frozen Ramparts       Ice            ####..       1%          3
c - Hailstorm             Conj/Ice       ###.....     32%         4

Your spell library contained the following spells:

 Spells                   Type           Power        Failure   Level
 Ozocubu's Armour         Ice            ####....     1%          3
 Summon Ice Beast         Ice/Summ       ###.....     32%         4


Dungeon Overview and Level Annotations

Branches:
Dungeon (4/15)             Temple (1/1) D:4

Altars:
Ashenzari
Cheibriados
Elyvilon
Fedhas
Gozag
Kikubaaqudgha
Makhleb
Nemelex Xobeh
Sif Muna
Uskayaw
Wu Jian
Xom
Yredelemnul
Zin

Annotations:
D:4 Sigmund


Innate Abilities, Weirdness & Mutations

You can be seen from farther away. (+LOS)
You can swim through water.
You cover ground slowly.
You can hop short distances.


Message History

The hound skeleton completely resists.
The wall freezes the hound skeleton but do no damage.
The hound skeleton barely misses you.
The howler monkey hoots and howls with incredible vigour!
The wall freezes something.
The hound skeleton completely resists.
The wall freezes the hound skeleton but do no damage.
The hound skeleton bites you. The howler monkey hits you.
The hound skeleton completely resists.
The wall freezes the hound skeleton but do no damage.
The wall freezes something.
Unknown command.
The frozen ramparts melt away.
The hound skeleton bites you.
Unknown command.
Casting: Frozen Ramparts (safe; 1% risk of failure)
Confirm with . or Enter, or press ? or * to list all spells.
The walls around you are covered in ice.
The howler monkey hits you.
* * * LOW HITPOINT WARNING * * *
The wall freezes something.
Something hits you!
You die...

#..............
####.#####........ .
#...........##...#
..######...........##...#
...................##...#
...................##...#
......................#.....
.......(..............#.....
##...##+####@..........#.....
.........# #Zh.........#.....
.........# #.................
.........# ##................
.........####................
....../......................
.............................
$..............##.........##.
.......?.......##.........##.


You could see a howler monkey and a hound skeleton.

Vanquished Creatures
  2 orc wizards
  Natasha (thrice) (D:3)
  A worker ant (D:4)
  A hound skeleton (D:4)
  4 adders
  An ooze (D:3)
  A dart slug (D:3)
  2 leopard geckos
  10 orcs
  8 bats
  6 giant cockroaches
  8 goblins
  7 hobgoblins
  7 jackals
  9 kobolds
  4 quokkas
  2 ball pythons
  4 frilled lizards
  8 rats
88 creatures vanquished.

Notes
Turn   | Place    | Note
-------+----------+-------------------------------------------
     0 | D:1      | Inarius the Barachi Ice Elementalist began the quest for
                  | the Orb.
     0 | D:1      | Reached XP level 1. HP: 13/13 MP: 3/3
    40 | D:1      | Reached skill level 5 in Ice Magic
   417 | D:1      | Reached XP level 2. HP: 12/19 MP: 1/5
  1291 | D:1      | Reached XP level 3. HP: 24/24 MP: 4/6
  1333 | D:1      | Learned a level 3 spell: Frozen Ramparts
  2134 | D:2      | Found a sparkling altar of Nemelex Xobeh.
  2444 | D:2      | Reached XP level 4. HP: 31/31 MP: 4/8
  2624 | D:3      | Learned a level 4 spell: Hailstorm
  2670 | D:3      | Reached skill level 6 in Ice Magic
  3157 | D:3      | Noticed Natasha
  3167 | D:3      | Killed Natasha
  3167 | D:3      | Reached XP level 5. HP: 12/36 MP: 5/9
  3803 | D:3      | Noticed Natasha
  3813 | D:3      | Killed Natasha
  4079 | D:3      | Noticed Natasha
  4086 | D:3      | Killed Natasha
  4086 | D:3      | Reached skill level 7 in Ice Magic
  4489 | D:3      | Found a broken altar of Ashenzari.
  4742 | D:4      | Noticed a phantom
  4847 | D:4      | Reached XP level 6. HP: 32/42 MP: 11/11
  4873 | D:4      | Found a blossoming altar of Fedhas.
  5020 | D:4      | Found a staircase to the Ecumenical Temple.
  5042 | Temple   | Entered the Ecumenical Temple
  5232 | D:4      | Found a snail-covered altar of Cheibriados.
  5261 | D:4      | Found an ancient bone altar of Kikubaaqudgha.
  5422 | D:4      | Noticed Sigmund
  5445 | D:4      | Slain by Sigmund

Illustrated notes

Levels and vault maps discovered:
D:1:      dpeg_arrival_orchard, layout_basic
D:2:      minmay_chambers_of_twos, layout_loops_cross,
          nemelex_xobeh_ov_fountains_minmay
D:3:      layout_loops_ring, overflow_temple_1_default, uniq_natasha
D:4:      layout_basic, lemuel_doored_altar, kiku_gazebo_pond_becter,
          fedhas_altar_1, minmay_temple_entry_large_hall, uniq_sigmund
Temple:   dpeg_three_leaves_temple

Skill      XL: |  1  2  3  4  5 |
---------------+----------------+-----
Ice Magic      | 5 6 7 |  7.6
Spellcasting   | 3 |  3.7
Fighting       | |  0.6
Short Blades   | |  0.1
Maces & Flails | |  0.8
Dodging        | |  2.9
Stealth        | |  1.7

Action                   |  1- 3 |  4- 6 || total
-------------------------+-------+-------++-------
Melee: Club              |    11 |       ||    11
       Whip              |    40 |    55 ||    95
       Dagger            |       |    25 ||    25
 Cast: Freeze            |    38 |     7 ||    45
       Frozen Ramparts   |     5 |    30 ||    35
 Stab: Sleeping          |     2 |     1 ||     3
Armor: Robe              |    25 |    14 ||    39
Dodge: Dodged            |    71 |    68 ||   139

Table legend: (Time is in decaauts)
 A = Elapsed time spent in this place.
 B = Non-inter-level travel time spent in this place.
 C = Inter-level travel time spent in this place.
 D = Time resting spent in this place.
 E = Time spent auto-exploring this place.
 F = Levels seen in this place.
 G = Mean time per level.
                   A        B        C        D        E       F      G
               +--------+--------+--------+--------+--------+-----+--------+
         Total |   5953 |   5791 |    162 |   1047 |   3983 |   5 | 1190.6 |
       Dungeon |   5809 |   5647 |    162 |   1047 |   3867 |   4 | 1452.2 |
        Temple |    143 |    143 |      0 |      0 |    115 |   1 |  143.0 |
               +--------+--------+--------+--------+--------+-----+--------+

Top non-repeatable levels by time:
     D:3: 2475 daAuts
     D:1: 1904 daAuts
     D:2: 1000 daAuts
     D:4: 429 daAuts
  Temple: 143 daAuts
